 Dungeon Crawl Stone Soup version 0.31-a0-1476-g8a4046af8c (webtiles) character file.

Game seed: 1309720874429778992

11 NoAnimeNoLife the Chopper (level 2, 0/26 HPs)
             Began as a Hill Orc Gladiator on Dec 29, 2023.
             Slain by a goblin
             ... wielding a +0 dagger
              (2 damage)
             ... on level 1 of the Dungeon.
             The game lasted 00:00:12 (211 turns).

NoAnimeNoLife the Chopper (Hill Orc Gladiator)       Turns: 211, Time: 00:00:12

Health: 0/26       AC:  4    Str: 16    XL:     2   Next: 29%
Magic:  2/2        EV: 12    Int:  8    God:
Gold:   4          SH:  0    Dex: 12    Spells: 1/1 levels left

rFire   . . .        a - +0 war axe
rCold   . . .        (no shield)
rNeg    . . .        b - +0 leather armour
rPois   .            c - +0 helmet
rElec   .            (no cloak)
rCorr   .            (no gloves)
SInv    .            (no boots)
Will    .....        (no amulet)
Stlth   +            (no ring)
HPRegen 0.24/turn    (no ring)
MPRegen 0.08/turn

%: no passive effects
@: no status effects
A: no striking features
a: no special abilities


You were on level 1 of the Dungeon.
You visited 1 branch of the dungeon, and saw 1 of its levels.

You collected 4 gold pieces.

Inventory:

Hand Weapons
 a - a +0 war axe (weapon)
Missiles
 d - 3 throwing nets (quivered)
 e - a javelin
Armour
 b - a +0 leather armour (worn)
 c - a +0 helmet (worn)
Jewellery
 h - a ring of fire
Potions
 f - a potion of degeneration {unknown}
 g - a potion of haste {unknown}


   Skills:
 + Level 3.0 Fighting
 + Level 4.5 Axes
 - Level 1.7 Throwing
 - Level 2.4 Dodging


You had one spell level left.
You didn't know any spells.
Your spell library contained the following spells:

 Spells                   Type           Power      Damage    Failure   Level
 Jinxbite                 Hex            0%         N/A       63%         2
 Yara's Violent Unravell  Hex/Alch       0%         3d3       100%        5
 Enfeeble                 Hex            0%         N/A       100%        7


Dungeon Overview and Level Annotations

Branches:
Dungeon (1/15)

Altars:


Message History

The rat bites you but does no damage.
You barely miss the gnoll.
The gnoll is lightly wounded.
You hit the endoplasm. You hit the rat.
You kill the rat!
You hit the goblin. The gnoll hits you with a +0 club.
The endoplasm hits you but does no damage.
The goblin closely misses you.
You slash the endoplasm!
You kill the endoplasm!
You hit the gnoll. You hit the goblin. The gnoll closely misses you.
The goblin hits you with a +0 dagger.
You barely miss the goblin.
The goblin is severely wounded.
You barely miss the endoplasm. You hit the gnoll but do no damage.
The endoplasm closely misses you. The gnoll barely misses you.
The goblin hits you with a +0 dagger. The endoplasm closely misses you.
The goblin hits you with a +0 dagger. The gnoll hits you with a +0 club.
* * * LOW HITPOINT WARNING * * *
You are too injured to fight recklessly!
You are too injured to fight recklessly!
You are too injured to fight recklessly!
You are too injured to fight recklessly!
You are too injured to fight recklessly!
You hit the endoplasm.
The endoplasm is severely wounded.
You hit the gnoll. You closely miss the goblin. The endoplasm freezes you.
You are frozen.
* * * LOW HITPOINT WARNING * * *
The gnoll hits you with a +0 club.
* * * LOW HITPOINT WARNING * * *
The goblin hits you but does no damage.
Okay, then.
You hit the gnoll but do no damage.
The gnoll is severely wounded.
You hit the goblin but do no damage. You slash the endoplasm!
You kill the endoplasm!
The goblin hits you with a +0 dagger.
You die...

... #.. ... #..#
.... #...# .....
#....######.[...
#.......$....?..
#.......#.......
#......g@†......
## ####.#..g......
##.
#####.............
##..
#.................
#≈.<
#...#....#....)...
#≈..
#...#....##...#...
#≈..
#...#.............
#≈..
###.#......#####..
#≈.. #.#....#.#
##..


You could see a gnoll and a goblin.

Vanquished Creatures
  2 dart slugs (D:1)
  3 endoplasms (D:1)
  A quokka (D:1)
  A ball python (D:1)
  A bat (D:1)
  A rat (D:1)
9 creatures vanquished.

Notes
Turn   | Place    | Note
-------+----------+-------------------------------------------
     0 | D:1      | NoAnimeNoLife the Hill Orc Gladiator began the quest for
                  | the Orb.
     0 | D:1      | Reached XP level 1. HP: 18/18 MP: 1/1
   132 | D:1      | Reached XP level 2. HP: 25/25 MP: 2/2
   211 | D:1      | Slain by a goblin

Illustrated notes

Levels and vault maps discovered:
D:1:      wander_arrival_chamber, layout_rooms, basic_ecumenical_altar,
          minmay_cupped

Skill      XL: |  1  2 |
---------------+-------+-----
Fighting       | 3 |  3.0
Axes           | |  4.5
Throwing       | |  1.7
Dodging        | |  2.4

Action                     || total
---------------------------++-------
  Melee: War axe           ||    26
 Armour: Leather armour    ||    21
  Dodge: Dodged            ||    24

Table legend: (Time is in decaauts)
 A = Elapsed time spent in this place.
 B = Non-inter-level travel time spent in this place.
 C = Inter-level travel time spent in this place.
 D = Time resting spent in this place.
 E = Time spent auto-exploring this place.
 F = Levels seen in this place.
 G = Mean time per level.
                   A        B        C        D        E       F      G
               +--------+--------+--------+--------+--------+-----+--------+
         Total |    218 |    218 |      0 |      0 |    153 |   1 |  218.0 |
       Dungeon |    218 |    218 |      0 |      0 |    153 |   1 |  218.0 |
               +--------+--------+--------+--------+--------+-----+--------+

Top non-repeatable levels by time:
     D:1: 218 daAuts
